 Dungeon Crawl Stone Soup version 0.26-a0-800-g517d6fe721 (webtiles) character file.

Game seed: 360057591508788612

19790 lunkers the Gelid (level 12, -6/89 HPs)
             Began as a Vampire Ice Elementalist on Nov 12, 2020.
             Was a High Priest of Vehumet.
             Killed from afar by a storm dragon (44 damage)
             ... with a bolt of lightning
             ... on level 12 of the Dungeon.
             The game lasted 00:31:17 (13205 turns).

lunkers the Gelid (Vampire Ice Elementalist)       Turns: 13205, Time: 00:31:18

Health: -6/89      AC:  7    Str:  9    XL:     12   Next: 39%
Magic:  18/26      EV: 14    Int: 24    God:    Vehumet [*****.]
Gold:   545        SH:  0    Dex: 16    Spells: 14/31 levels left

rFire    . . .     SeeInvis +   a - +11 short sword "Gasacrid" {speed, Str+2 Int+3}
rCold    . . .     Faith    .   (no shield)
rNeg     + . .     Spirit   .   F - +0 troll leather armour
rPois    +         Reflect  .   t - +0 helmet
rElec    .         Harm     .   c - +0 cloak
rCorr    .         Rampage  .   (no gloves)
MR       +....                  A - +0 pair of boots
Stlth    ++........             (no amulet)
HPRegen  0.84/turn              f - ring of poison resistance
MPRegen  0.20/turn              y - ring of positive energy

@: no potions, regenerating quickly
A: fangs 3, see invisible, unbreathing
a: Exsanguinate, Renounce Religion


You were on level 12 of the Dungeon.
You worshipped Vehumet.
Vehumet was extremely pleased with you.
You visited 1 branch of the dungeon, and saw 12 of its levels.

You collected 545 gold pieces.

Inventory:

Hand Weapons
 a - the +11 short sword "Gasacrid" (weapon) {speed, Str+2 Int+3}
   (You found it on level 10 of the Dungeon)

   Attacks with this weapon are significantly faster.
   It affects your strength (+2).
   It affects your intelligence (+3).
 n - a +2 dagger of venom
 s - a +3 trident of venom
 I - the cursed +0 flail of Efut {vamp, rN++, unknown}
   (You found it on level 9 of the Dungeon)

   It inflicts no extra harm, but heals its wielder when it wounds a living foe.
   It greatly protects you from negative energy.
   It has a curse placed upon it.
Armour
 c - a +0 cloak (worn)
 l - a +1 leather armour of poison resistance
 t - a +0 helmet (worn)
 A - a +0 pair of boots (worn)
 F - a +0 troll leather armour (worn)
Magical Staves
 D - an uncursed staff of air
Jewellery
 f - a ring of poison resistance (left hand)
 y - a ring of positive energy (right hand)
 E - an uncursed ring of protection from fire
Wands
 k - a wand of iceblast (8)
 x - a wand of digging (6)
 B - a wand of disintegration (8)
 J - a wand of flame (2)
Scrolls
 b - 9 scrolls of remove curse
 g - 4 scrolls of enchant armour {unknown}
 h - 4 scrolls of teleportation
 p - 3 scrolls of random uselessness {unknown}
 q - 2 scrolls of noise {unknown}
 r - a scroll of magic mapping {unknown}
 v - 5 scrolls of immolation {unknown}
 w - 3 scrolls of enchant weapon {unknown}
 C - a scroll of identify
 G - a scroll of fog {unknown}
 K - a scroll of fear {unknown}
Potions
 d - 3 potions of lignification
 e - 2 potions of cancellation
 i - a potion of resistance
 j - 5 potions of heal wounds
 m - 4 potions of haste
 o - 2 potions of brilliance
 u - 9 potions of curing
 z - a potion of berserk rage
 L - 11 potions of ambrosia


   Skills:
 + Level 6.3 Fighting
 + Level 4.4 Dodging
 - Level 3.0 Stealth
 - Level 10.0 Spellcasting
 * Level 15.6 Ice Magic


You had 14 spell levels left.
You knew the following spells:

 Your Spells              Type           Power        Failure   Level
a - Freeze                Ice            ####         0%          1
b - Frozen Ramparts       Ice            ######       1%          3
c - Ozocubu's Armour      Ice            ######..     1%          3
d - Summon Ice Beast      Ice/Summ       #####...     3%          4
e - Ozocubu's Refrigerat  Ice            ######....   1%          6

Your spell library contained the following spells:

 Spells                   Type           Power        Failure   Level
 Hailstorm                Conj/Ice       #####...     1%          4
 Magic Dart               Conj           ##..         2%          1
 Searing Ray              Conj           ##....       3%          2
 Conjure Flame            Conj/Fire      ##......     6%          3
 Dazzling Flash           Conj/Hex       ##....       6%          3
 Mephitic Cloud           Conj/Pois/Air  ##......     6%          3
 Animate Skeleton         Necr           ##....       8%          1
 Pain                     Necr           ##..         8%          1
 Poisonous Vapours        Pois/Air       ##....       11%         2
 Sublimation of Blood     Necr           ##........   11%         2
 Fulminant Prism          Conj/Hex       ##........   19%         4
 Iskenderun's Mystic Bla  Conj/Tloc      ##......     19%         4
 Spider Form              Tmut/Pois      ##........   22%         3
 Vampiric Draining        Necr           ##........   22%         3
 Freezing Cloud           Conj/Ice/Air   #####.....   32%         6
 Lee's Rapid Deconstruct  Erth           ##........   45%         5
 Yara's Violent Unravell  Hex/Tmut       ##........   45%         5
 Animate Dead             Necr           ##........   58%         4
 Cause Fear               Hex            ##........   58%         4
 Petrify                  Tmut/Erth      ##......     58%         4
 Agony                    Necr           ##......     90%         5
 Silence                  Hex/Air        ##........   90%         5
 Discord                  Hex            ##........   100%        8


Dungeon Overview and Level Annotations

Branches:
Dungeon (12/15)            Temple (0/1) D:6            Lair (0/6) D:8
    Orc (0/2) D:9

Altars:
Ashenzari
Cheibriados
Dithmenos
Elyvilon
Hepliaklqana
Kikubaaqudgha
Makhleb
Okawaru
Sif Muna
Vehumet
Wu Jian
Xom
Yredelemnul
The Shining One
Beogh

Shops:
D:4 ?

Annotations:
D:3 3 runed translucent doors, tinescath's ghost, amateur HOMo
D:5 exclusion: statue
D:8 3 runed translucent doors, Frask's ghost, novice HuIE


Innate Abilities, Weirdness & Mutations

Your natural rate of healing is unusually fast.
You have razor-sharp teeth.
You have supernaturally acute eyesight. (SInv)
You can survive without breathing.


Message History

The soul eater is lightly wounded.
The cyclops is heavily wounded.
The kobold demonologist is severely wounded.
You kill the kobold demonologist!
Vehumet accepts your kill.
You feel your power returning.
The soul eater disappears in a puff of smoke!
The necrophage resists.
The necrophage is severely damaged.
The necrophage hits you.
* * * LOW HITPOINT WARNING * * *
A wyvern comes into view.
A cyclops comes into view.
The cyclops hits you!
* * * LOW HITPOINT WARNING * * *
The necrophage hits you.
* * * LOW HITPOINT WARNING * * *
The storm dragon breathes lightning at you.
The bolt of lightning hits you!!!
You die...

###
.....#########
....!..4.§n@.#
....K...K.C..#
.......W)..D.#
#####..#####....


'lD .)... '.. ...... #.> ...... #u. C..... You could see a storm dragon
(catching breath), 2 cyclopes, a phantasmal warrior, a rust devil (summoned), 2
kobold demonologists, a wyvern and a necrophage.

Vanquished Creatures
  A boulder beetle (D:11)
  3 two-headed ogres (D:10)
  A deep troll earth mage (D:12)
  3 unseen horrors
  3 wizards (D:11)
  A deep elf mage (D:11)
  An orc knight (D:11)
  An ugly thing (D:11)
  A cyclops (D:11)
  2 centaur zombies
  A kobold demonologist (D:12)
  A centaur skeleton (D:10)
  A queen bee (D:11)
  3 trolls
  A hornet (D:9)
  A slime creature (D:12)
  6 wyverns
  14 yaks
  A basilisk (D:8)
  A steam dragon (D:9)
  4 vampire mosquitoes (D:11)
  3 water moccasins (D:8)
  2 orc warriors
  5 black bears
  An eye of draining (D:11)
  3 sky beasts
  An ice beast (D:9)
  4 centaurs
  2 ogres
  2 phantoms
  A big kobold (D:7)
  5 bullfrogs
  A wyvern zombie (D:11)
  A wyvern skeleton (D:11)
  6 scorpions
  25 killer bees
  4 wights (D:6)
  A vampire bat (D:9)
  4 howler monkeys
  A bullfrog zombie (D:7)
  10 hounds
  4 jellies
  3 orc priests
  A gnoll shaman (D:5)
  A bullfrog skeleton (D:6)
  3 iguanas
  6 orc wizards
  8 worker ants
  2 hound skeletons (D:4)
  A howler monkey zombie (D:8)
  21 gnolls
  12 adders
  5 shadow imps
  3 white imps
  3 ufetubi
  2 oozes
  An adder zombie (D:5)
  2 adder skeletons
  4 worms
  4 dart slugs
  8 leopard geckos
  30 orcs
  8 bats
  4 bat zombies (D:9)
  4 giant cockroaches
  14 goblins
  7 hobgoblins
  10 jackals
  10 quokkas
  A ball python (D:4)
  3 frilled lizards
  A jackal skeleton (D:4)
  10 kobolds
  2 leopard gecko skeletons
  A quokka skeleton (D:4)
  A quokka zombie (D:5)
  12 rats
345 creatures vanquished.

Vanquished Creatures (collateral kills)
  4 killer bees (D:11)
4 creatures vanquished.

Vanquished Creatures (others)
  An ufetubus (D:9)
  A kobold (D:7)
  4 fungi (D:8)
  9 plants (D:8)
15 creatures vanquished.

Grand Total: 364 creatures vanquished

Notes
Turn   | Place    | Note
-------+----------+-------------------------------------------
     0 | D:1      | lunkers the Vampire Ice Elementalist began the quest for
                  | the Orb.
     0 | D:1      | Reached XP level 1. HP: 13/13 MP: 3/3
    76 | D:1      | Reached XP level 2. HP: 16/19 MP: 0/5
   588 | D:1      | Reached XP level 3. HP: 20/24 MP: 4/6
  1274 | D:2      | Found a snail-covered altar of Cheibriados.
  1329 | D:2      | Reached skill level 5 in Ice Magic
  1372 | D:2      | Found a shimmering blue altar of Sif Muna.
  1704 | D:2      | Reached XP level 4. HP: 30/30 MP: 5/8
  1709 | D:2      | Learned a level 3 spell: Frozen Ramparts
  1713 | D:2      | Learned a level 3 spell: Ozocubu's Armour
  2613 | D:3      | Reached XP level 5. HP: 35/35 MP: 5/9
  2844 | D:3      | Found a runed translucent gate.
  2844 | D:3      | Found a runed translucent gate.
  2844 | D:3      | Found a runed translucent gate.
  2848 | D:3      | Noticed tinescath's ghost (amateur HOMo)
  2851 | D:3      | Found a roughly hewn altar of Beogh.
  3031 | D:3      | Reached skill level 6 in Ice Magic
  3203 | D:3      | Found a glowing drain.
  3645 | D:4      | Found Pedaeth's Magic Scroll Shoppe.
  3858 | D:4      | Noticed a phantom
  3870 | D:4      | Reached XP level 6. HP: 41/41 MP: 7/11
  4101 | D:4      | Found an iron altar of Okawaru.
  4124 | D:4      | Found a glowing golden altar of the Shining One.
  4566 | D:5      | Entered Level 5 of the Dungeon
  4584 | D:5      | Reached skill level 7 in Ice Magic
  4603 | D:4      | HP: 2/41 [poisoned by an orc]
  4608 | D:4      | HP: 2/41 [poisoned by an orc]
  4615 | D:4      | HP: 2/41 [poisoned by an orc]
  4942 | D:5      | Reached XP level 7. HP: 31/46 MP: 7/13
  5157 | D:5      | Found a radiant altar of Vehumet.
  5261 | D:5      | Became a worshipper of Vehumet
  5373 | D:5      | Reached skill level 8 in Ice Magic
  5762 | D:6      | Reached skill level 5 in Spellcasting
  5906 | D:6      | Found a burning altar of Makhleb.
  5967 | D:6      | Reached XP level 8. HP: 52/52 MP: 10/15
  6390 | D:6      | You fall into a shaft and drop 3 floors!
  6405 | D:9      | Reached skill level 9 in Ice Magic
  6413 | D:9      | HP: 2/52 [centaur/arrow (4)]
  6416 | D:9      | Reached skill level 10 in Ice Magic
  6575 | D:8      | Reached XP level 9. HP: 57/57 MP: 14/18
  6577 | D:8      | Reached * piety under Vehumet
  6577 | D:8      | Offered knowledge of Shock by Vehumet.
  6733 | D:8      | Found a staircase to the Lair.
  6745 | D:8      | Reached skill level 11 in Ice Magic
  7031 | D:7      | Reached skill level 12 in Ice Magic
  7127 | D:6      | Found a staircase to the Ecumenical Temple.
  7151 | D:6      | Reached XP level 10. HP: 48/63 MP: 17/21
  7323 | D:6      | Found a shadowy altar of Dithmenos.
  7505 | D:6      | Reached ** piety under Vehumet
  7505 | D:6      | Offered knowledge of Foxfire by Vehumet.
  7947 | D:7      | Found a basalt altar of Yredelemnul.
  8040 | D:7      | Found an ornate altar of the Wu Jian Council.
  8223 | D:7      | Found a white marble altar of Elyvilon.
  8449 | D:8      | Found a runed translucent gate.
  8449 | D:8      | Found a runed translucent gate.
  8462 | D:8      | Found a runed translucent gate.
  8465 | D:8      | Noticed Frask's ghost (novice HuIE)
  9307 | D:9      | Offered knowledge of Static Discharge by Vehumet.
  9382 | D:9      | Reached skill level 13 in Ice Magic
  9442 | D:9      | Found a broken altar of Ashenzari.
  9442 | D:9      | Found a shimmering altar of Xom.
  9519 | D:9      | Reached skill level 1 in Fighting
  9614 | D:9      | Found a hazy altar of Hepliaklqana.
  9743 | D:9      | HP: 3/65 [hornet (3)]
  9844 | D:9      | Found a staircase to the Orcish Mines.
  9857 | D:9      | Reached *** piety under Vehumet
 10017 | D:9      | Found an ancient bone altar of Kikubaaqudgha.
 10174 | D:9      | Got a jewelled flail
 10220 | D:10     | Entered Level 10 of the Dungeon
 10304 | D:10     | Noticed a two-headed ogre
 10324 | D:10     | Killed a two-headed ogre
 10402 | D:10     | Noticed a two-headed ogre
 10414 | D:10     | Killed a two-headed ogre
 10414 | D:10     | Reached XP level 11. HP: 64/74 MP: 24/24
 10440 | D:10     | Noticed a two-headed ogre
 10442 | D:10     | Noticed an unseen horror
 10458 | D:10     | Killed a two-headed ogre
 10514 | D:10     | Killed an unseen horror
 10608 | D:10     | Offered knowledge of Stone Arrow by Vehumet.
 10683 | D:10     | Got a jewelled short sword
 10687 | D:10     | Identified the +11 short sword "Gasacrid" {speed, Str+2
                  | Int+3} (You found it on level 10 of the Dungeon)
 10836 | D:10     | Reached skill level 14 in Ice Magic
 11296 | D:11     | Noticed a wizard
 11296 | D:11     | Noticed a deep elf mage
 11310 | D:11     | Killed a deep elf mage
 11313 | D:11     | Killed a wizard
 11323 | D:11     | Noticed a wizard
 11331 | D:11     | Noticed a wizard
 11343 | D:11     | Killed a wizard
 11348 | D:11     | Killed a wizard
 11483 | D:11     | Identified Vieckyw's Grimoire of Axaxaxas mlö
 11490 | D:11     | Identified the Volume of Dhcmrlchtdj
 11497 | D:11     | Identified the Papyrus of Plaster Cramp
 11510 | D:11     | Noticed an unseen horror
 11514 | D:11     | Learned a level 4 spell: Summon Ice Beast
 11526 | D:11     | Killed an unseen horror
 11643 | D:11     | Noticed a boulder beetle
 11653 | D:11     | Killed a boulder beetle
 11653 | D:11     | Reached skill level 5 in Fighting
 11844 | D:11     | Found a broken altar of Ashenzari.
 11912 | D:11     | Reached **** piety under Vehumet
 12007 | D:11     | Reached skill level 10 in Spellcasting
 12008 | D:11     | Offered knowledge of Inner Flame by Vehumet.
 12029 | D:11     | Noticed an unseen horror
 12044 | D:11     | Killed an unseen horror
 12044 | D:11     | Reached skill level 15 in Ice Magic
 12249 | D:11     | HP: 3/80 [cyclops/large rock (35)]
 12251 | D:11     | Reached XP level 12. HP: 5/86 MP: 22/26
 12897 | D:12     | Noticed a deep troll earth mage
 12981 | D:11     | Reached ***** piety under Vehumet
 13118 | D:12     | Noticed a storm dragon
 13120 | D:12     | Identified the ring "Sauluxt" {Fire MR+ Str-4 Stlth+}
 13172 | D:12     | Killed a deep troll earth mage
 13173 | D:12     | Offered knowledge of Ozocubu's Refrigeration by Vehumet.
 13181 | D:12     | Learned a level 6 spell: Ozocubu's Refrigeration
 13185 | D:12     | Noticed a death knight
 13205 | D:12     | Killed from afar by a storm dragon

Illustrated notes

Levels and vault maps discovered:
D:1:      ebering_trefoil_twist, layout_basic, minmay_unequal
D:2:      layout_basic, lemuel_crystal_altar, led_sif_pool
D:3:      layout_basic, lightli_sewer_entry_pipes, biasface_ghost_orc_armoury
D:4:      layout_basic, lemuel_round_altar, nicolae_tso_carved_into_rock,
          serial_shops, shop_scrolls
D:5:      layout_cave_pools, vehumet_statue, due_unseen_surprise
D:6:      layout_cave_pools, lemuel_doored_altar, kennysheep_mini_moat,
          temple_statues
D:7:      layout_loops_ring, kennysheep_ying_yang, marbit_many_paths,
          minmay_parallelograms, nrook_mini_backslash
D:8:      layout_loops_ring, minmay_lair_entry_grove, gammafunk_ghost_spectres,
          chequers_decorated_corner
D:9:      layout_roguey, kennysheep_vampire_church,
          gammafunk_temple_overflow_wave, basic_altar
D:10:     layout_irregular_city
D:11:     layout_long_grid, basic_altar, special_room [special_room_bee],
          bh_hangedman_babel_library
D:12:     minmay_complete_graph, layout_irregular_city, trove_entry_hex_spiral,
          serial_shops, shop

Skill      XL: |  1  2  3  4  5  6  7  8  9 10 11 12 |
---------------+-------------------------------------+-----
Ice Magic      | 5 6 7 8 10 12 13 15 | 15.6
Spellcasting   | 3 4 5 6 7 9 10 | 10.0
Fighting       | 2 5 6 |  6.3
Dodging        | 4 |  4.4
Stealth        | |  3.0

Action                   |  1- 3 |  4- 6 |  7- 9 | 10-12 || total
-------------------------+-------+-------+-------+-------++-------
Melee: Unarmed           |     4 |       |       |       ||     4
       Bite              |     1 |     6 |     6 |    25 ||    38
       Dagger            |       |    50 |    67 |   104 ||   221
       Short sword       |       |       |       |    97 ||    97
 Cast: Freeze            |    65 |    86 |    58 |   197 ||   406
       Frozen Ramparts   |       |    10 |    22 |    37 ||    69
       Ozocubu's Armour  |       |       |     2 |     3 ||     5
       Summon Ice Beast  |       |       |       |     6 ||     6
       Ozocubu's Refrige |       |       |       |     2 ||     2
Evoke: Wand              |       |     3 |    19 |    21 ||    43
  Use: Scroll            |       |     1 |       |    10 ||    11
       Potion            |       |       |     1 |       ||     1
 Stab: Sleeping          |       |     1 |       |       ||     1
       Paralysed         |       |       |       |     2 ||     2
Armor: Robe              |     4 |     4 |       |       ||     8
       Leather armour    |       |    27 |    40 |    26 ||    93
       Troll leather arm |       |       |       |   128 ||   128
Dodge: Dodged            |    38 |    82 |    85 |   338 ||   543

Table legend: (Time is in decaauts)
 A = Elapsed time spent in this place.
 B = Non-inter-level travel time spent in this place.
 C = Inter-level travel time spent in this place.
 D = Time resting spent in this place.
 E = Time spent auto-exploring this place.
 F = Levels seen in this place.
 G = Mean time per level.
                   A        B        C        D        E       F      G
               +--------+--------+--------+--------+--------+-----+--------+
         Total |  13219 |  12852 |    367 |    474 |   9569 |  12 | 1101.6 |
       Dungeon |  13219 |  12852 |    367 |    474 |   9569 |  12 | 1101.6 |
               +--------+--------+--------+--------+--------+-----+--------+

Top non-repeatable levels by time:
    D:11: 1789 daAuts
     D:2: 1295 daAuts
     D:9: 1267 daAuts
     D:1: 1258 daAuts
     D:4: 1230 daAuts
     D:8: 1194 daAuts
     D:6: 1171 daAuts
     D:5: 1034 daAuts
    D:10: 1009 daAuts
     D:3: 964 daAuts
     D:7: 838 daAuts
    D:12: 164 daAuts
